AoeStats
← 河北彩花

Arena

509052301Analyzed
4v4 RM · 8d ago on Sep 25, 2026· 32m 45s· 8 players
Game mode
Random Map
Map size
Large (8 player)
Population
200
Speed
Normal
Resources
Standard
Victory
Conquest
Starting age
Dark Age
Ending age
Imperial Age
RankedLock teamsTeams togetherTeam positionsShared explorationLock speedFull tech treeHidden civsTurbo modeCheats
Victory
Defeat
🇨🇳 Cumans · China
1172
+15
🇦🇺 Danes · Australia
1148
+16
🇨🇳 Huns · China
1146
+16
🇦🇺 Koreans · Australia
1142
+17
🇺🇸 Khmer · United States
1192
-17
🇲🇴 Danes · Macao SAR China
1185
-17
🇲🇽 Britons · Mexico
1134
-15
🇨🇱 Bohemians · Chile
1119
-15
Vanilla Gorilla
11:09 Feudal Age
14:55 Castle Age
12:56 Double-Bit Axe
14:21 Horse Collar
16:30 Bow Saw
29:02 Wheelbarrow
28:28 Heavy Plow
34:09 Imperial Age
32:11 Fletching
32:22 Scale Mail Armor
32:45 Hand Cart
32:16 Loom
32:22 Loom
32:53 Treadmill Crane
slow_baba
10:30 Feudal Age
11:45 Double-Bit Axe
14:20 Castle Age
14:34 Horse Collar
15:32 Bow Saw
15:23 Heavy Plow
18:20 Loom
23:15 Town Watch
23:36 Squires
25:07 Wheelbarrow
25:55 Gold Mining
25:55 Stone Mining
27:26 Hand Cart
29:49 Imperial Age
27:24 Scale Mail Armor
27:35 Forging
28:03 Arson
28:04 Gambesons
28:37 Chain Mail Armor
30:24 Iron Casting
30:36 Elite Varangian Guard
31:06 Hamask
32:07 Conscription
小子欸别跑
11:06 Feudal Age
13:39 Wheelbarrow
12:52 Double-Bit Axe
12:50 Horse Collar
18:01 Loom
18:11 Gold Mining
20:29 Bloodlines
22:27 Castle Age
23:03 Pikeman
23:59 Bloodlines
23:40 Capped Ram
30:46 Forging
30:37 Scale Mail Armor
cihuncihome
11:42 Feudal Age
13:04 Town Watch
15:38 Castle Age
13:46 Double-Bit Axe
14:23 Horse Collar
16:51 Bow Saw
22:30 Loom
22:54 Squires
22:40 Arson
24:49 Pikeman
28:38 Imperial Age
26:16 Stone Mining
30:42 Gold Mining
RiesgoKai
9:56 Feudal Age
11:15 Horse Collar
11:21 Double-Bit Axe
11:27 Gold Mining
11:28 Stone Mining
21:00 Castle Age
19:45 Fletching
19:55 Padded Archer Armor
22:21 Wheelbarrow
23:34 Bodkin Arrow
23:54 Leather Archer Armor
24:56 Ballistics
rambo
7:13 Loom
9:27 Feudal Age
16:35 Castle Age
15:52 Scale Barding Armor
16:54 Stone Mining
16:51 Double-Bit Axe
28:56 Imperial Age
28:07 Bloodlines
27:56 Gold Mining
28:38 Bow Saw
29:46 Husbandry
30:28 Gold Shaft Mining
Belisario1903
0:27 Loom
13:36 Feudal Age
16:01 Horse Collar
18:42 Castle Age
16:45 Double-Bit Axe
18:22 Wheelbarrow
19:56 Heavy Plow
20:09 Bow Saw
21:15 Hand Cart
26:53 Chemistry
26:31 Pikeman
27:51 Squires
27:55 Scale Mail Armor
33:19 Imperial Age
31:34 Ballistics
河北彩花
0:33 Loom
9:28 Feudal Age
10:02 Feudal Age
14:40 Castle Age
12:31 Double-Bit Axe
14:10 Stone Mining
15:39 Horse Collar
22:51 Bow Saw
23:47 Town Watch
26:50 Wheelbarrow
26:34 Scale Mail Armor
26:37 Squires
26:25 Arson
28:55 Heavy Plow
29:57 Redemption
Connection lost

Rejoining the realm…

Still unreachable

The connection could not be restored.

Session expired

The server has moved on; the page needs a fresh start.